 Dungeon Crawl Stone Soup version 0.31.0-9-g3a7656b989 (webtiles) character file.

Game seed: 2672309341865448207

1688 qw the Skirmisher (level 8, 0/36 (40) HPs)
             Began as a Spriggan Hunter on Feb 2, 2024.
             Killed from afar by an orc wizard (5 damage)
             ... with a magic dart
             ... on level 6 of the Dungeon.
             The game lasted 00:00:19 (4429 turns).

qw the Skirmisher (Spriggan Hunter)                 Turns: 4429, Time: 00:00:20

HP:   0/36 (40)     AC:  5    Str:  7    XL:     8   Next: 71%
MP:   9/9           EV: 24    Int: 10    God:
Gold: 291           SH:  0    Dex: 21    Spells: 7/7 levels left

rFire   . . .        a - +1 shortbow
rCold   . . .        (shield currently unavailable)
rNeg    . . .        g - +2 robe
rPois   .            (helmet restricted)
rElec   .            k - +0 cloak
rCorr   .            (gloves unavailable)
SInv    +            (boots unavailable)
Will    +....        (no amulet)
Stlth   ++           (no ring)
HPRegen 0.26/turn    (no ring)
MPRegen 0.11/turn

%: no passive effects
@: heavily drained, very quick
A: very small, no large weapons, unfitting armour, see invisible, speed 3
a: no special abilities


You were on level 6 of the Dungeon.
You visited 1 branch of the dungeon, and saw 6 of its levels.

You collected 291 gold pieces.


Innate Abilities, Weirdness & Mutations

You are very small and have problems with some larger weapons.
You are too small for most types of armour.
You have supernaturally acute eyesight. (SInv)
You cover ground extremely quickly. (Speed+++)


   Skills:
 - Level 3.1 Fighting
 + Level 9.3 Ranged Weapons
 - Level 9.0 Dodging
 - Level 1.5 Stealth


You had 7 spell levels left.
You didn't know any spells.
Your spell library was empty.

Inventory:

Hand Weapons
 a - a +1 shortbow (weapon)
Armour
 g - a +2 robe (worn)
 k - a +0 cloak (worn)
Jewellery
 p - a ring of fire
Wands
 j - a wand of flame (10)
 l - a wand of mindburst (12)
Scrolls
 b - a scroll of teleportation
Potions
 c - 2 potions of resistance
 d - 2 potions of might
 e - a potion of heal wounds
 f - a potion of curing
 h - a potion of enlightenment
 o - a potion of brilliance {unknown}

Dungeon Overview and Level Annotations

Branches:
Dungeon (6/15)
 Temple: D:4-7

Altars:
Trog

Portals:
Abyss: D:3

Annotations:
D:3 2 transporters, qw's ghost, amateur DEHu


Message History

The orc warrior barely misses you.
The orc wizard points at you and mumbles some strange words.
The magic dart hits you. The ice beast completely misses you.
You shoot an arrow.
The arrow closely misses the orc warrior.
The orc warrior closely misses you.
You shoot an arrow.
The arrow closely misses the orc warrior.
The ice beast closely misses you.
The orc wizard gestures at you while chanting.
The magic dart hits you.
You shoot an arrow. The arrow hits the orc warrior.
The orc warrior is severely wounded.
The ice beast misses you.
The orc wizard hits you but does no damage.
The orc warrior barely misses you. The orc barely misses you.
You shoot an arrow.
The arrow hits the orc warrior but does no damage.
The orc warrior is severely wounded.
The ice beast hits you but does no damage.
The orc completely misses you. The orc wizard closely misses you.
The orc warrior barely misses you. The orc completely misses you.
You shoot an arrow.
The arrow barely misses the orc warrior.
The orc misses you. The ice beast closely misses you.
The orc wizard completely misses you. The orc warrior completely misses you.
The orc hits you with a +0 dagger.
You shoot an arrow.
The arrow hits the orc warrior but does no damage.
The orc warrior is severely wounded.
The orc misses you. The ice beast misses you.
The orc wizard closely misses you.
The orc warrior hits you with a +2 short sword of draining!
You feel drained. The orc completely misses you.
You shoot an arrow.
The arrow hits the orc warrior but does no damage.
The orc warrior is severely wounded.
The orc misses you. The ice beast hits you. The ice beast freezes you.
The orc wizard points at you and mumbles some strange words.
The magic dart hits you.
You die...

#......# #......# ......#
.....# ....### #'#...# #.#o#.#
#ooY#.#...#.#......
##@o..#............
##+#######o#.+...........#
#......###.#.#...........#
#..........#..............
#.........................
#..........#........>.....
#......................)).
#####......##..##....####..)..
#..........##..##...#########.


You could see an orc warrior, an ice beast, an orc wizard and 3 orcs.

Vanquished Creatures
  Prince Ribbit (D:5)
  Sigmund (D:2)
  3 black bears
  Pargi (D:3)
  A sky beast (D:6)
  2 ice beasts
  Blork the orc (D:5)
  A scorpion (D:5)
  2 bombardier beetles (D:5)
  A jelly (D:6)
  2 orc priests
  Ijyb (D:3)
  3 iguanas
  5 orc wizards
  8 adders
  2 ribbon worms (D:2)
  7 orcs
  4 bats (D:1)
  14 endoplasms
  8 giant cockroaches
  4 goblins
  14 hobgoblins
  3 jackals (D:4)
  6 quokkas
  3 ball pythons
  2 frilled lizards (D:3)
  5 kobolds
  8 rats
113 creatures vanquished.

Notes
Turn   | Place    | Note
-------+----------+-------------------------------------------
     0 | D:1      | qw the Spriggan Hunter began the quest for the Orb.
     0 | D:1      | Reached XP level 1. HP: 10/10 MP: 2/2
     0 | D:1      | 0 ||| qw: Version: 0.3-a-155-g5e7d8dd
     0 | D:1      | 0 ||| qw: Game counter: 1986
     0 | D:1      | 0 ||| qw: Melee chars always use a shield: true
     0 | D:1      | 0 ||| qw: God list: Okawaru
     0 | D:1      | 0 ||| qw: Allow faded altars: false
     0 | D:1      | 0 ||| qw: Do Orc after clearing Dungeon:15 true
     0 | D:1      | 0 ||| qw: Do second Lair branch before Depths: true
     0 | D:1      | 0 ||| qw: Lair rune preference: random
     0 | D:1      | 0 ||| qw: Goals: Normal
     0 | D:1      | 0 ||| PLANNING D:1-11
    12 | D:1      | Reached skill level 3 in Dodging
    51 | D:1      | Reached XP level 2. HP: 14/14 MP: 3/3
   299 | D:1      | Reached XP level 3. HP: 18/18 MP: 4/4
   604 | D:1      | 604 ||| READING scroll labelled YSANLOWENAC.
   608 | D:1      | 608 ||| DROPPING scroll of butterflies.
   786 | D:2      | Noticed Sigmund
   793 | D:2      | Killed Sigmund
   794 | D:2      | Reached skill level 6 in Dodging
   794 | D:2      | Reached XP level 4. HP: 14/22 MP: 5/5
   794 | D:2      | Reached XP level 5. HP: 16/25 MP: 6/6
  1301 | D:2      | 1301 ||| UPGRADING to +2 robe.
  1311 | D:2      | 1311 ||| DROPPING +0 robe.
  1312 | D:2      | 1312 ||| READING scroll labelled RAEDINE SEJIAL.
  1313 | D:2      | 1313 ||| READING scroll labelled ZIDENLO OLEK.
  1313 | D:2      | 1313 ||| ENCHANTING +0 shortbow.
  1314 | D:2      | 1314 ||| READING scroll labelled ACHIOTW TO AST.
  1314 | D:2      | 1314 ||| IDENTIFYING viscous clear potion
  1315 | D:2      | 1315 ||| DRINKING 2 emerald potions.
  1316 | D:2      | 1316 ||| DRINKING 2 orange potions.
  1317 | D:2      | 1317 ||| DROPPING potion of ambrosia.
  1631 | D:3      | Noticed Ijyb
  1645 | D:3      | Killed Ijyb
  1646 | D:3      | Reached XP level 6. HP: 28/30 MP: 7/7
  1658 | D:3      | Found a transporter.
  1660 | D:3      | Noticed Pargi
  1661 | D:3      | 1661 ||| ZAPPING wand of flame (25) at -7,-5 (Pargi;
                  | floor).
  1662 | D:3      | 1662 ||| ZAPPING wand of flame (24) at -6,-4 (Pargi;
                  | floor).
  1663 | D:3      | 1663 ||| ZAPPING wand of flame (23) at -5,-3 (Pargi;
                  | floor).
  1664 | D:3      | 1664 ||| ZAPPING wand of flame (22) at -4,-3 (Pargi;
                  | floor).
  1665 | D:3      | 1665 ||| ZAPPING wand of flame (21) at -3,-3 (Pargi;
                  | floor).
  1666 | D:3      | 1666 ||| ZAPPING wand of flame (20) at -2,-2 (Pargi;
                  | floor).
  1667 | D:3      | 1667 ||| ZAPPING wand of flame (19) at -1,-1 (Pargi;
                  | floor).
  1668 | D:3      | 1668 ||| ZAPPING wand of flame (18) at -1,-1 (Pargi;
                  | floor).
  1669 | D:3      | 1669 ||| ZAPPING wand of flame (17) at -1,-1 (Pargi;
                  | floor).
  1669 | D:3      | Noticed qw's ghost (amateur DEHu)
  1670 | D:3      | 1670 ||| ZAPPING wand of flame (16) at -1,-1 (Pargi;
                  | floor).
  1671 | D:3      | 1671 ||| ZAPPING wand of flame (15) at -1,-1 (Pargi;
                  | floor).
  1672 | D:3      | 1672 ||| ZAPPING wand of flame (14) at -1,-1 (Pargi;
                  | floor).
  1673 | D:3      | 1673 ||| ZAPPING wand of flame (13) at -1,-1 (Pargi;
                  | floor).
  1674 | D:3      | 1674 ||| ZAPPING wand of flame (12) at -1,-1 (Pargi;
                  | floor).
  1675 | D:3      | 1675 ||| ZAPPING wand of flame (11) at -1,-1 (Pargi;
                  | floor).
  1675 | D:3      | Killed Pargi
  1676 | D:3      | Noticed a small abomination
  1732 | D:3      | Found a transporter.
  1752 | D:3      | Found a one-way gate to the infinite horrors of the Abyss.
  2080 | D:3      | Noticed a small abomination
  2179 | D:3      | 2179 ||| UPGRADING to +0 cloak.
  2184 | D:3      | 2184 ||| READING 2 scrolls of identify.
  2184 | D:3      | 2184 ||| IDENTIFYING fizzy coppery potion
  2185 | D:3      | 2185 ||| READING scroll of identify.
  2185 | D:3      | 2185 ||| IDENTIFYING bubbling black potion
  2259 | D:4      | Reached skill level 6 in Ranged Weapons
  2407 | D:4      | HP: 4/30 [iguana (10)]
  2408 | D:4      | 2408 ||| READING 3 scrolls of teleportation.
  2411 | D:4      | 2411 ||| READING 2 scrolls of teleportation.
  2529 | D:4      | Found a bloodstained altar of Trog.
  2665 | D:4      | Reached XP level 7. HP: 35/35 MP: 8/8
  2773 | D:4      | 2773 ||| ZAPPING wand of mindburst (21) at 0,1 (black bear;
                  | floor).
  2774 | D:4      | 2774 ||| ZAPPING wand of mindburst (20) at 0,1 (black bear;
                  | floor).
  2775 | D:4      | 2775 ||| ZAPPING wand of mindburst (19) at 0,1 (black bear;
                  | floor).
  2893 | D:4      | 2893 ||| ZAPPING wand of mindburst (18) at 1,0 (black bear;
                  | floor).
  3363 | D:4      | 3363 ||| READING scroll labelled NYZODI VESAPYS.
  3364 | D:4      | 3364 ||| READING scroll labelled VETUAVEIZO.
  3450 | D:4      | 3450 ||| DRINKING 3 gluggy blue potions.
  3451 | D:4      | 3451 ||| DROPPING 2 potions of magic.
  3474 | D:5      | Entered Level 5 of the Dungeon
  3563 | D:5      | Noticed Prince Ribbit
  3565 | D:5      | 3565 ||| ZAPPING wand of mindburst (17) at -5,6 (Prince
                  | Ribbit; floor).
  3566 | D:5      | 3566 ||| ZAPPING wand of mindburst (16) at -3,4 (Prince
                  | Ribbit; floor).
  3567 | D:5      | 3567 ||| ZAPPING wand of mindburst (15) at -3,3 (Prince
                  | Ribbit; floor).
  3568 | D:5      | 3568 ||| ZAPPING wand of mindburst (14) at 2,-1 (Prince
                  | Ribbit; floor).
  3568 | D:5      | Killed Prince Ribbit
  3579 | D:5      | HP: 5/35 [ice beast (12)]
  3580 | D:5      | 3580 ||| READING 2 scrolls of teleportation.
  3584 | D:5      | Reached XP level 8. HP: 6/39 MP: 9/9
  3718 | D:5      | Noticed Blork the orc
  3724 | D:5      | Killed Blork the orc
  3834 | D:5      | Reached skill level 3 in Fighting
  4062 | D:5      | 4062 ||| ZAPPING wand of mindburst (13) at 0,1 (black bear;
                  | floor).
  4176 | D:5      | 4176 ||| READING scroll of identify.
  4176 | D:5      | 4176 ||| IDENTIFYING fuming puce potion
  4177 | D:5      | 4177 ||| READING scroll labelled LEMIVASAGA.
  4178 | D:5      | 4178 ||| READING 3 scrolls labelled TOAVUL TINEC.
  4179 | D:5      | 4179 ||| DRINKING 2 amethyst potions.
  4180 | D:5      | 4180 ||| DROPPING potion of attraction.
  4181 | D:5      | 4181 ||| DROPPING 2 scrolls of summoning.
  4204 | D:6      | Reached skill level 9 in Ranged Weapons
  4268 | D:6      | Reached skill level 9 in Dodging
  4415 | D:6      | 4415 ||| RETREEEEATING.
  4419 | D:6      | 4419 ||| RETREEEEATING.
  4429 | D:6      | HP: 5/36 [ice beast (6)]
  4429 | D:6      | Killed from afar by an orc wizard

Levels and vault maps discovered:
D:1:      minmay_arrival_four_circles, layout_loops_ring,
          dreamdust_mushroom_princess
D:2:      wad_pebble_path, layout_loops_ring, hangedman_decor_points,
          st_stairs_8, uniq_sigmund, uniq_crazy_yiuf_cottage
D:3:      layout_basic, gammafunk_ghost_abyssal_escape, uniq_ijyb, uniq_pargi
D:4:      layout_basic, mainiacjoe_overflow_chevrons, grunt_tough_drop
D:5:      layout_gridville, chequers_serial_rivers_small_3, uniq_prince_ribbit1,
          uniq_blork_the_orc
D:6:      layout_basic, nicolae_qazlal_general_emergency

Skill      XL: |  1  2  3  4  5  6  7  8 |
---------------+-------------------------+-----
Dodging        | 3 4 6 8 9 |  9.0
Ranged Weapons | 5 6 8 9 |  9.3
Fighting       | 2 3 |  3.1
Stealth        | |  1.5

Action                     |  1- 3 |  4- 6 |  7- 9 || total
---------------------------+-------+-------+-------++-------
   Fire: Shortbow          |   119 |   121 |   198 ||   438
  Evoke: Wand              |       |    15 |     9 ||    24
    Use: Scroll            |     1 |     7 |     6 ||    14
         Potion            |       |     2 |     2 ||     4
 Armour: Robe              |     6 |    14 |    40 ||    60
  Dodge: Dodged            |    26 |    51 |   107 ||   184

Table legend:
 A = Non-vault XP
 B = Vault XP
 C = Vault XP percentage of total XP
 D = Non-vault monster count
 E = Vault monster count
 F = Vault count percentage of total count
                 A         B        C        D         E       F
            +---------+---------+-------+---------+---------+-------
      Total |    1624 |     788 |  32.7 |     106 |       7 |   6.2
            +---------+---------+-------+---------+---------+-------
        D:1 |      52 |       0 |   0.0 |      29 |       0 |   0.0
        D:2 |      58 |     231 |  79.9 |      17 |       1 |   5.6
        D:3 |      29 |     174 |  85.7 |      17 |       2 |  10.5
        D:4 |     562 |      15 |   2.6 |      27 |       2 |   6.9
        D:5 |     527 |     368 |  41.1 |       8 |       2 |  20.0
        D:6 |     396 |       0 |   0.0 |       8 |       0 |   0.0
            +---------+---------+-------+---------+---------+-------
